[Event "Team 45 45 League T36"]
[Site "Internet Chess Club"]
[Date "2008.02.10"]
[Round "3"]
[White "J37c"]
[Black "Terte"]
[Result "0-1"]
[WhiteElo "1971"]
[BlackElo "2131"]
[Opening "Sicilian: Smith-Morra gambit"]
[ECO "B21"]
[Time "10:30:05"]
[TimeControl "2700+45"]

1. e4 c5 2. d4 cxd4 3. c3 Nf6 4. e5 Nd5 5. Nf3 e6 6. cxd4 Nc6 7. Bc4 d6 8. O-O
dxe5 9. dxe5 Be7 10. Bxd5 exd5 11. h3 O-O 12. Bf4 Be6 13. Nc3 Qa5 14. Nd4 Qb4
15. Nxc6 bxc6 16. Qd2 d4 17. Ne4 Qxd2 18. Bxd2 c5 19. b3 a5 20. Rac1 Rfc8 21. f4
Bd5 22. Nd6 Rc6 23. f5 a4 24. Nc4 axb3 25. axb3 Ra2 26. Ra1 Rca6 27. Rxa2 Rxa2
28. f6 Bf8 29. Rd1 Bxc4 30. bxc4 Rc2 31. Ba5 Rxc4 32. Bd8 Rb4 33. Be7 h6 34. Rc1
d3 35. Bxc5 Bxc5+ 36. Rxc5 d2 37. Rc8+ Kh7 {White resigns} 0-1

[Event "Team 45 45 League T36"]
[Site "Internet Chess Club"]
[Date "2008.02.11"]
[Round "3"]
[White "primerpaso"]
[Black "dalfonso"]
[Result "1/2-1/2"]
[WhiteElo "1947"]
[BlackElo "1881"]
[Opening "English: symmetrical variation"]
[ECO "A37"]
[Time "20:02:34"]
[TimeControl "2700+45"]

1. c4 c5 2. Nc3 g6 3. g3 Bg7 4. Bg2 Nc6 5. Nf3 d6 6. O-O e5 7. d3 Nge7 8. e4 O-O
9. Be3 Nd4 10. Qd2 Bg4 11. Nh4 Qd7 12. f3 Be6 13. Nd5 Rab8 14. Rae1 b5 15. b3 b4
16. f4 f5 17. fxe5 dxe5 18. Bg5 Nec6 19. Bh6 Bxh6 20. Qxh6 Qg7 21. Qxg7+ Kxg7
22. Nf3 Nxf3+ 23. Bxf3 Bxd5 24. exd5 Nd4 25. Rxe5 Rbe8 26. Rxe8 Rxe8 27. Kf2 Kf6
28. Bd1 g5 29. Re1 Rxe1 30. Kxe1 Ke5 31. Kf2 g4 32. Ke3 h6 33. Kf2 h5 34. Ke3
{Game drawn by mutual agreement} 1/2-1/2

[Event "Team 45 45 League T36"]
[Site "Internet Chess Club"]
[Date "2008.02.10"]
[Round "3"]
[White "SneakyRed"]
[Black "cityprosecutor"]
[Result "0-1"]
[WhiteElo "1765"]
[BlackElo "1720"]
[Opening "Sicilian: Alapin's variation (2.c3)"]
[ECO "B22"]
[Time "09:52:20"]
[TimeControl "2700+45"]

1. e4 c5 2. c3 g6 3. Nf3 Bg7 4. d4 cxd4 5. cxd4 d5 6. exd5 Nf6 7. Bb5+ Nbd7 8.
d6 O-O 9. dxe7 Qxe7+ 10. Be2 Re8 11. Nc3 Ne4 12. Nxe4 Qxe4 13. Be3 Nb6 14. Qd3
Qg4 15. O-O Bf5 16. Qd1 Be4 17. Rc1 Nd5 18. h3 Qd7 19. Qb3 a6 20. Ne5 Qe7 21.
Bc4 Rad8 {White forfeits on time} 0-1

[Event "Team 45 45 League T36"]
[Site "Internet Chess Club"]
[Date "2008.02.11"]
[Round "3"]
[White "Miles295"]
[Black "aksuw"]
[Result "0-1"]
[WhiteElo "2070"]
[BlackElo "2160"]
[Opening "Robatsch (modern) defense"]
[ECO "B07"]
[Time "13:56:53"]
[TimeControl "2700+45"]

1. e4 d6 2. d4 g6 3. Nc3 Bg7 4. Be3 a6 5. a4 Nc6 6. Bc4 Nf6 7. f3 e5 8. Nge2 O-O
9. Qd2 exd4 10. Nxd4 Re8 11. O-O Nb4 12. Nd5 Nfxd5 13. Bxd5 Nxd5 14. exd5 Qh4
15. Bf2 Qh5 16. c4 Bd7 17. Rfe1 Be5 18. f4 Bg7 19. a5 Bh6 20. Ne2 Qf5 21. h3 Qe4
22. b3 c6 23. Rac1 cxd5 24. cxd5 Bb5 25. Rc3 Bxe2 26. Re3 Bxf4 27. Rxe4 Bxd2 28.
R1xe2 Rxe4 29. Rxe4 Bxa5 30. b4 Bc7 31. Re7 Rc8 32. Bg3 b5 33. Kf2 a5 34. bxa5
Bxa5 35. Bxd6 b4 36. Ra7 Bb6+ {White resigns} 0-1

[Event "Team 45 45 League T36"]
[Site "Internet Chess Club"]
[Date "2008.02.10"]
[Round "3"]
[White "Speedy-Reedy"]
[Black "Flying-Tiger"]
[Result "0-1"]
[WhiteElo "1995"]
[BlackElo "2027"]
[Opening "Sicilian: Hungarian variation"]
[ECO "B27"]
[Time "08:30:10"]
[TimeControl "2700+45"]

1. e4 c5 2. Nf3 g6 3. d4 cxd4 4. c3 Bg7 5. cxd4 d5 6. e5 Nc6 7. Be2 Nh6 8. O-O
O-O 9. Bf4 Bg4 10. Nbd2 Nf5 11. Nb3 Bxf3 12. Bxf3 e6 13. Bg4 Bh6 14. Qd2 Qh4 15.
Bxh6 Nxh6 16. Bf3 Nf5 17. Rad1 a5 18. g3 Qd8 19. Qf4 a4 20. g4 Qh4 21. Nc5 g5
22. Qc1 Nfxd4 23. Rd3 Nxe5 24. Bd1 Nxd3 25. Nxd3 Rfc8 26. Qe3 Nc6 27. f4 gxf4
28. Nxf4 Qg5 29. Qh3 Nb8 30. Nh5 Nd7 31. Qf3 Rf8 32. Qc3 Rac8 33. Qb4 Rc4 34.
Qxb7 Ne5 35. Nf6+ Kh8 36. Qe7 Rfc8 37. Qd6 R4c6 38. Qa3 Rc4 39. Qd6 Rc1 40. h4
Qe3+ 41. Kg2 Rxd1 42. Rxd1 Rc2+ 43. Kh1 Qf3+ {White forfeits on time} 0-1

[Event "Team 45 45 League T36"]
[Site "Internet Chess Club"]
[Date "2008.02.10"]
[Round "3"]
[White "LennyH"]
[Black "shakkimestari"]
[Result "1/2-1/2"]
[WhiteElo "1898"]
[BlackElo "2008"]
[Opening "Ruy Lopez: closed, Chigorin, 12...c5d4"]
[ECO "C99"]
[Time "10:58:43"]
[TimeControl "2700+45"]

1. e4 e5 2. Nf3 Nc6 3. Bb5 a6 4. Ba4 Nf6 5. O-O Be7 6. Re1 b5 7. Bb3 d6 8. c3
Na5 9. Bc2 c5 10. d4 Qc7 11. Nbd2 O-O 12. h3 cxd4 13. cxd4 Nc6 14. Nf1 exd4 15.
Bg5 Qb6 16. Rc1 Be6 17. a3 Rfe8 18. Qd2 Nd7 19. Bxe7 Rxe7 20. N1h2 Nde5 21. b3
f6 22. Red1 Rc7 23. Nxd4 Nxd4 24. Qxd4 Qxd4 25. Rxd4 Rac8 26. Rxd6 Kf7 27. Rd2
Ke7 28. f4 Nf7 29. Nf1 Bxb3 30. Ne3 Nd6 31. Rcd1 Bxc2 32. Nxc2 Nxe4 33. Rd4 Rxc2
34. Rxe4+ Kf8 35. Rd7 R2c7 36. Rd6 Rc6 {Game drawn by mutual agreement} 1/2-1/2

[Event "Team 45 45 League T36"]
[Site "Internet Chess Club"]
[Date "2008.02.09"]
[Round "3"]
[White "Badu"]
[Black "Wheels"]
[Result "1-0"]
[WhiteElo "1956"]
[BlackElo "1819"]
[Opening "King's Indian: Torre attack"]
[ECO "A48"]
[Time "09:30:15"]
[TimeControl "2700+45"]

1. d4 Nf6 2. Nf3 g6 3. Bg5 Bg7 4. Nbd2 d6 5. e4 O-O 6. Bd3 Re8 7. O-O e5 8. c3
Nc6 9. Rc1 Bg4 10. h3 Bxf3 11. Nxf3 a6 12. Qb3 Rb8 13. Rfe1 Qd7 14. Rcd1 Nh5 15.
Be3 Kh8 16. Ng5 Rf8 17. d5 Ne7 18. Ba7 Ra8 19. Qxb7 Qc8 20. Qxc8 Nxc8 21. Be3 h6
22. Nf3 Nb6 23. b3 f5 24. exf5 gxf5 25. Nh4 Kg8 26. Bxf5 Nf6 27. Be6+ Kh7 28. c4
a5 29. c5 Nc8 30. cxd6 cxd6 31. Rc1 Rd8 32. Rc7 Kh8 33. Nf5 Bf8 34. Bxh6 {Black
resigns} 1-0

[Event "Team 45 45 League T36"]
[Site "Internet Chess Club"]
[Date "2008.02.10"]
[Round "3"]
[White "ADIOKiddo4Ever"]
[Black "Conjurer"]
[Result "1-0"]
[WhiteElo "1525"]
[BlackElo "1314"]
[Opening "Sicilian defense"]
[ECO "B30"]
[Time "13:06:57"]
[TimeControl "2700+45"]

1. e4 c5 2. Nf3 Nc6 3. Bd3 d5 4. c3 Bg4 5. h3 Bxf3 6. Qxf3 Nf6 7. exd5 Qxd5 8.
Qxd5 Nxd5 9. Bb5 Kd7 10. O-O a6 11. Bc4 e6 12. a4 Ne5 13. d3 Rb8 14. Rd1 b5 15.
axb5 axb5 16. Bxd5 exd5 17. d4 Nc4 18. b3 Nb6 19. Ra7+ Ke6 20. Re1+ Kf6 21. Bf4
Rd8 22. Ra6 Kf5 23. Re5+ Kxf4 24. g3+ Kf3 25. Nd2# {Black checkmated} 1-0

[Event "Team 45 45 League T36"]
[Site "Internet Chess Club"]
[Date "2008.02.10"]
[Round "3"]
[White "reverendjim"]
[Black "wekabird"]
[Result "0-1"]
[WhiteElo "1216"]
[BlackElo "1208"]
[Opening "Caro-Kann: Panov-Botvinnik attack, 5...e6"]
[ECO "B14"]
[Time "23:00:10"]
[TimeControl "2700+45"]

1. e4 c6 2. d4 d5 3. exd5 cxd5 4. c4 Nf6 5. Nc3 e6 6. Nf3 Bb4 7. cxd5 Bxc3+ 8.
bxc3 Nxd5 9. Bd2 O-O 10. Ne5 Nc6 11. Nxc6 bxc6 12. c4 Nf6 13. Bc3 Re8 14. Be2 a5
15. O-O Ne4 16. Qd3 Nd6 17. c5 Ba6 18. Qf3 Bxe2 19. Qxe2 Nb5 20. Qd2 h6 21. a4
Nxc3 22. Qxc3 Qd5 23. Rad1 Reb8 24. Rb1 Qa2 25. Rxb8+ Rxb8 26. Qxa5 Rb1 27. Qd8+
Kh7 {White resigns} 0-1

[Event "Team 45 45 League T36"]
[Site "Internet Chess Club"]
[Date "2008.02.09"]
[Round "3"]
[White "houseofcook"]
[Black "merecat"]
[Result "0-1"]
[WhiteElo "1455"]
[BlackElo "1388"]
[Opening "Philidor: exchange variation"]
[ECO "C41"]
[Time "12:58:00"]
[TimeControl "2700+45"]

1. e4 e5 2. Nf3 d6 3. d4 exd4 4. Qxd4 Nc6 5. Bb5 Bd7 6. Bxc6 Bxc6 7. O-O Nf6 8.
Nc3 Be7 9. Re1 O-O 10. Bf4 Nh5 11. Bd2 Bf6 12. Qd3 g6 13. Rab1 Qd7 14. Nd4 Rfe8
15. Nxc6 Qxc6 16. Qd5 Bg7 17. Kh1 Re5 18. Qxc6 bxc6 19. f3 a6 20. Be3 Re6 21.
Ne2 Rae8 22. Nd4 Bxd4 23. Bxd4 c5 24. Bc3 f5 25. exf5 Rxe1+ 26. Rxe1 Rxe1+ 27.
Bxe1 gxf5 28. g3 Kf7 29. c4 Nf6 30. Ba5 c6 31. b3 Ke6 32. Bd2 Nd7 33. h4 d5 34.
g4 fxg4 35. fxg4 d4 36. g5 Kf5 37. h5 Nf8 38. a3 Ne6 39. g6 hxg6 40. h6 Nf8 41.
b4 cxb4 42. axb4 Nh7 43. Kg2 Ke4 44. c5 Kd5 45. Kf3 Kc4 46. Ke2 g5 47. Kd1 g4
48. Be1 d3 49. Kc1 Kd4 50. Kd2 Ke4 51. Bh4 Kd4 52. Be1 Ng5 53. Bh4 Nf3+ {White
resigns} 0-1

[Event "Team 45 45 League T36"]
[Site "Internet Chess Club"]
[Date "2008.02.09"]
[Round "3"]
[White "katabatico"]
[Black "Rubacchus"]
[Result "1-0"]
[WhiteElo "1383"]
[BlackElo "1341"]
[Opening "French: exchange variation"]
[ECO "C01"]
[Time "17:04:51"]
[TimeControl "2700+45"]

1. e4 e6 2. d4 d5 3. exd5 exd5 4. Bd3 Nc6 5. c3 Nf6 6. Nf3 Bg4 7. O-O Be7 8. Re1
O-O 9. Nbd2 Rc8 10. h3 Bh5 11. b4 Bg6 12. Nf1 a6 13. Ng3 Re8 14. Bxg6 hxg6 15.
Ng5 Nh7 16. Nf3 Bd6 17. Ne2 f5 18. Qb3 Bf8 19. h4 Nf6 20. Bg5 Qd6 21. Nf4 Ne4
22. Nxd5 Kh7 23. Bf4 Qd8 24. Rxe4 fxe4 25. Ng5+ Kg8 26. Ne7+ Kh8 27. Qg8# {Black
checkmated} 1-0

[Event "Team 45 45 League T36"]
[Site "Internet Chess Club"]
[Date "2008.02.10"]
[Round "3"]
[White "rshea11"]
[Black "rkrush"]
[Result "1-0"]
[WhiteElo "1326"]
[BlackElo "1217"]
[Opening "QGA, 4.e3"]
[ECO "D25"]
[Time "20:03:25"]
[TimeControl "2700+45"]

1. d4 d5 2. c4 dxc4 3. Nf3 Nf6 4. e3 Bf5 5. Bxc4 e6 6. O-O Nc6 7. Nc3 Qd7 8. a3
Bd6 9. h3 O-O 10. b4 e5 11. d5 Ne7 12. Bb2 e4 13. Nd4 Bxh3 14. gxh3 Qxh3 15. Re1
Bh2+ 16. Kh1 Bg3+ 17. Kg1 Bxf2+ 18. Kxf2 Ng4+ 19. Qxg4 Qxg4 20. Be2 Qd7 21. Rh1
Nxd5 22. Nxe4 Rfe8 23. Bd3 Qg4 24. Rag1 Qd7 25. Nc5 Qd6 26. Nf5 Qc6 27. Rxg7+
Kf8 28. Rhxh7 Nf6 29. Rh8+ Ng8 30. Rhxg8# {Black checkmated} 1-0

[Event "Team 45 45 League T36"]
[Site "Internet Chess Club"]
[Date "2008.02.09"]
[Round "3"]
[White "smcintyr11"]
[Black "conron"]
[Result "1/2-1/2"]
[WhiteElo "1203"]
[BlackElo "1302"]
[Opening "Ruy Lopez: Anderssen variation"]
[ECO "C77"]
[Time "12:58:24"]
[TimeControl "2700+45"]

1. e4 e5 2. Nf3 Nc6 3. Bb5 a6 4. Ba4 Nf6 5. d3 Be7 6. O-O b5 7. Bb3 d6 8. h3 Na5
9. c4 Nxb3 10. Qxb3 Be6 11. Qc2 O-O 12. Nc3 c6 13. b3 d5 14. Rd1 Qb6 15. Nxe5
dxc4 16. bxc4 Qc5 17. Nf3 bxc4 18. d4 Qb6 19. e5 Nd5 20. Ng5 Bxg5 21. Bxg5 Nxc3
22. Qxc3 h6 23. Rab1 Qc7 24. Bd2 c5 25. dxc5 Qxc5 26. Be3 Qc6 27. Rb6 Qa4 28.
Rd2 Rfd8 29. Rxd8+ Rxd8 30. Rd6 Rxd6 31. exd6 Qd1+ 32. Kh2 Qxd6+ 33. g3 Qd3 34.
Qa5 Qf1 35. g4 h5 36. Qxh5 c3 37. Qg5 c2 38. Qd8+ Kh7 39. Qh4+ Kg8 40. Qd8+ Kh7
41. Qh4+ Kg6 42. Qg5+ Kh7 43. Qh4+ {Game drawn by repetition} 1/2-1/2

[Event "Team 45 45 League T36"]
[Site "Internet Chess Club"]
[Date "2008.02.07"]
[Round "3"]
[White "strudel"]
[Black "fuzzface"]
[Result "1/2-1/2"]
[WhiteElo "1469"]
[BlackElo "1261"]
[Opening "Sicilian defense"]
[ECO "B32"]
[Time "15:22:19"]
[TimeControl "2700+45"]

1. e4 c5 2. Nf3 Nc6 3. d4 e6 4. Nc3 h6 5. d5 exd5 6. Nxd5 Nf6 7. Nc3 a6 8. Bc4
Be7 9. O-O O-O 10. a4 Qc7 11. Re1 Ng4 12. Nd5 Qd6 13. Bf4 Nge5 14. Nxe7+ Qxe7
15. Nxe5 Nxe5 16. Bd5 d6 17. Bxe5 Qxe5 18. b3 Rb8 19. c4 Be6 20. Rb1 a5 21. Qf3
b6 22. h4 Rbd8 23. Re3 Kh8 24. Rf1 f5 25. Bxe6 Qxe6 26. Qh3 Qe5 27. exf5 Qxf5
28. Qxf5 Rxf5 29. Re6 Rf6 30. Rxf6 gxf6 31. Re1 Kg8 32. Re7 d5 33. cxd5 Rxd5 34.
Re6 Rd1+ 35. Kh2 Rd4 36. Rxf6 Rb4 37. Rf3 Rxh4+ 38. Kg1 Rb4 39. g3 c4 40. bxc4
Rxc4 41. Ra3 Kg7 42. Kf1 Rb4 43. Ra2 b5 44. axb5 Rxb5 45. Ke1 Kg6 46. Ke2 Kf5
47. Kf3 Rb3+ 48. Kg2 Rb5 49. Kf3 {Game drawn by mutual agreement} 1/2-1/2

[Event "Team 45 45 League T36"]
[Site "Internet Chess Club"]
[Date "2008.02.10"]
[Round "3"]
[White "jschneigi"]
[Black "betto2506"]
[Result "1-0"]
[WhiteElo "1302"]
[BlackElo "1330"]
[Opening "Petrov: Italian variation"]
[ECO "C24"]
[Time "21:02:47"]
[TimeControl "2700+45"]

1. e4 e5 2. Bc4 Nf6 3. Nf3 d5 4. exd5 Bg4 5. d3 Nxd5 6. O-O Nf6 7. a3 Bd6 8. h3
Bxf3 9. Qxf3 Nc6 10. c3 O-O 11. Bg5 Qe7 12. Bxf6 Qxf6 13. Qxf6 gxf6 14. Bd5 Na5
15. b4 c6 16. Ba2 e4 17. dxe4 Be5 18. f4 Bc7 19. Nd2 Bb6+ 20. Kh2 Rad8 21. Nf3
Rd3 22. Rac1 Be3 23. Ne1 Rd2 24. Nc2 Re2 25. Nxe3 Rxe3 26. Rfe1 Rd3 27. bxa5 Rd2
28. Bb3 a6 29. Rc2 Rd3 30. Bc4 Rd6 31. Rb2 Rb8 32. Reb1 Kh8 33. Bxf7 Rd7 34. Bc4
Re7 35. Bxa6 Rxe4 36. g3 Ra4 37. Rb3 Rxa5 38. Bxb7 Rb5 39. Rxb5 cxb5 40. Rxb5
Kg7 41. a4 Kf8 42. a5 Ke7 43. a6 Kd6 44. a7 Kc7 45. axb8=Q+ Kxb8 46. Be4+ Kc7
47. Rc5+ Kd6 48. Rh5 Ke6 49. c4 {Black resigns} 1-0

[Event "Team 45 45 League T36"]
[Site "Internet Chess Club"]
[Date "2008.02.06"]
[Round "3"]
[White "N20863"]
[Black "ffplayer"]
[Result "0-1"]
[WhiteElo "1302"]
[BlackElo "1165"]
[Opening "Philidor's defense"]
[ECO "C41"]
[Time "15:31:11"]
[TimeControl "2700+45"]

1. e4 e5 2. Nf3 d6 3. Bc4 Nf6 4. Nc3 Be7 5. O-O Nbd7 6. d4 exd4 7. Qxd4 O-O 8.
Nd5 Nxd5 9. exd5 Nf6 10. h3 b6 11. Bd3 Bb7 12. c4 Re8 13. Ng5 h6 14. Ne4 Bc8 15.
Bf4 Nxe4 16. Qxe4 g6 17. Bxh6 Bf6 18. Qf4 Bxb2 19. Bg5 Be5 20. Qh4 Qd7 21. Bf6
Bxf6 22. Qxf6 Qe7 23. Qc3 Qg5 24. g4 Bxg4 25. hxg4 Qxg4+ 26. Kh2 Qh4+ 27. Kg2
Qg4+ 28. Kh2 Re5 29. Qxe5 dxe5 30. Rg1 Qh5+ 31. Kg2 Qh7 32. Rh1 Qg7 33. Rh2 Kf8
34. Rah1 Ke7 35. Rh7 Qf6 36. Re1 Rh8 37. Rxh8 Qxh8 38. f4 f6 39. fxe5 fxe5 40.
Bc2 Kd6 41. Bb3 g5 42. Ba4 Qg7 43. Bb5 g4 44. a4 Qg5 45. Rg1 Qd2+ 46. Kg3 Qe3+
47. Kh4 Qxg1 {White resigns} 0-1

[Event "Team 45 45 League T36"]
[Site "Internet Chess Club"]
[Date "2008.02.06"]
[Round "3"]
[White "WCB"]
[Black "kjs110"]
[Result "0-1"]
[WhiteElo "1108"]
[BlackElo "962"]
[Opening "Pirc defense"]
[ECO "B07"]
[Time "20:49:31"]
[TimeControl "2700+45"]

1. e4 d6 2. d4 Nf6 3. Nc3 g6 4. e5 dxe5 5. dxe5 Qxd1+ 6. Nxd1 Nfd7 7. e6 fxe6 8.
Bc4 Ne5 9. b3 Bg7 10. c3 Nxc4 11. bxc4 O-O 12. Nf3 Nc6 13. O-O e5 14. Re1 Bf5
15. h3 Na5 16. Nxe5 Rad8 17. Bg5 Bf6 18. Nf3 Nxc4 19. Bxf6 exf6 20. Re7 Rd7 21.
Rxd7 Bxd7 22. Rb1 b6 23. Nb2 Bf5 24. Re1 Nxb2 25. Re7 Rc8 26. Nd4 Na4 27. Nb5
Kf8 28. Rxh7 g5 29. Nd6 Bxh7 30. Nxc8 Bf5 31. Nxa7 Nxc3 32. a3 c5 33. Nc6 b5 34.
f3 Nb1 35. g4 Bd7 36. Nb8 Be8 37. Na6 c4 38. Nb4 Nxa3 39. Kf1 Bg6 40. Ke1 Nc2+
41. Nxc2 Bxc2 42. Kd2 Ba4 43. Kc3 Ke7 44. Kd4 Ke6 45. Ke3 b4 46. f4 b3 47. Kd4
b2 48. f5+ Kd6 49. Kxc4 b1=Q 50. Kc3 Qh1 51. Kb4 Be8 52. Ka5 Kc5 53. Ka6 Kc6 54.
Ka5 Qb1 55. Ka4 Kc5+ 56. Ka3 Kc4 57. h4 gxh4 58. g5 fxg5 59. f6 Bg6 60. f7 Bxf7
61. Ka4 Qa1# {White checkmated} 0-1

[Event "Team 45 45 League T36"]
[Site "Internet Chess Club"]
[Date "2008.02.07"]
[Round "3"]
[White "dondel"]
[Black "curtintime"]
[Result "0-1"]
[WhiteElo "1483"]
[BlackElo "1402"]
[Opening "Ruy Lopez: exchange variation"]
[ECO "C68"]
[Time "21:03:02"]
[TimeControl "2700+45"]

1. e4 e5 2. Nf3 Nc6 3. Bb5 a6 4. Bxc6 bxc6 5. O-O d6 6. Nc3 Nf6 7. h3 Be7 8. d4
exd4 9. Nxd4 Bb7 10. Nf5 Bf8 11. Re1 Bc8 12. e5 dxe5 13. Qxd8+ Kxd8 14. Rxe5 Bd6
15. Nxd6 cxd6 16. Re3 Bf5 17. Re2 Re8 18. Bg5 Rxe2 19. Nxe2 Bxc2 20. Nd4 Be4 21.
Re1 Bd5 22. b3 h6 23. Bxf6+ gxf6 24. Nf5 Ra7 25. Nxd6 Re7 26. Rxe7 Kxe7 27. Nf5+
Ke6 28. Nxh6 c5 29. Ng4 Be4 30. Ne3 Bb1 31. a3 Ba2 32. b4 cxb4 33. axb4 Bb1 34.
h4 Kd6 35. g4 Kc6 36. h5 Bh7 37. Kf1 Kb5 38. Nd5 Bd3+ 39. Ke1 Kc4 40. Kd2 Bb1
41. Nc3 Bh7 42. f4 Kxb4 43. Nd5+ Kb3 44. Nxf6 a5 45. Nd5 a4 46. Kc1 a3 47. f5 a2
{White resigns} 0-1

[Event "Team 45 45 League T36"]
[Site "Internet Chess Club"]
[Date "2008.02.09"]
[Round "3"]
[White "Prop"]
[Black "Skyler"]
[Result "1-0"]
[WhiteElo "1271"]
[BlackElo "1131"]
[Opening "Caro-Kann: advance variation"]
[ECO "B12"]
[Time "12:08:56"]
[TimeControl "2700+45"]

1. e4 c6 2. d4 d5 3. e5 Bf5 4. Bd3 Bg6 5. Nf3 e6 6. O-O Nd7 7. Bg5 Qb6 8. b3 Ne7
9. Nbd2 Nf5 10. c3 Be7 11. Rb1 O-O 12. Be3 Rac8 13. Qe2 c5 14. Rfc1 cxd4 15.
cxd4 Ba3 16. Nf1 Nxe3 17. Rxc8 Rxc8 18. Bxg6 hxg6 19. Qxe3 Qa5 20. Qe1 Bb4 21.
Qe2 Bd2 22. N3xd2 Rc2 23. a4 Qb4 24. Qd3 Rc3 25. Qb5 Qe7 26. Qxb7 Qd8 27. Qxa7
Nb8 28. Qb7 Nc6 29. Qb5 Nxd4 30. Qb4 Ne2+ 31. Kh1 Qg5 32. Re1 Rh3 33. Rxe2 Rh5
34. Nf3 Qf5 35. Ng3 Qb1+ 36. Re1 Qc2 37. Nxh5 gxh5 38. Ng5 g6 39. Qb7 Qxf2 40.
Rg1 Qf5 41. Nf3 Qf4 42. Qc8+ Kg7 43. a5 Qb4 44. a6 Qa3 45. Qb7 Kh6 46. a7 g5 47.
a8=Q Qxa8 48. Qxa8 g4 49. Nh4 g3 50. hxg3 f5 51. exf6 e5 52. Qxd5 e4 53. Qxe4
Kg5 54. Qg6# {Black checkmated} 1-0

[Event "Team 45 45 League T36"]
[Site "Internet Chess Club"]
[Date "2008.02.09"]
[Round "3"]
[White "Duck-Man"]
[Black "ckak0202"]
[Result "1-0"]
[WhiteElo "1259"]
[BlackElo "1290"]
[Opening "Giuoco Pianissimo"]
[ECO "C55"]
[Time "09:06:37"]
[TimeControl "2700+45"]

1. e4 e5 2. Nf3 Nc6 3. Bc4 Nf6 4. d3 Bc5 5. O-O d6 6. c3 d5 7. exd5 Nxd5 8. d4
exd4 9. Re1+ Be6 10. cxd4 Bb6 11. Nc3 Qd7 12. Nxd5 O-O-O 13. Nxb6+ axb6 14. Qa4
Bxc4 15. Qa8+ Nb8 16. Ne5 Rhe8 17. Be3 Qd5 18. Rac1 Bxa2 19. Ra1 f6 20. Nd3 Bc4
21. Nb4 Qb5 22. Qa3 Na6 23. Bd2 Rxe1+ 24. Rxe1 Nxb4 25. Bxb4 Qa6 26. Qh3+ Kb8
27. Be7 Qa5 28. Qc3 Rxd4 29. Qxa5 bxa5 30. h3 Rd2 31. Bc5 b6 32. Re8+ Kb7 33.
Be3 Rxb2 34. Re7 a4 35. Bf4 Rb1+ 36. Kh2 a3 37. Rxc7+ Ka6 38. Rxc4 a2 39. Ra4+
Kb7 40. Rxa2 g5 41. Be3 h5 42. Bd4 f5 43. Rb2 Rxb2 44. Bxb2 b5 45. Bf6 b4 46.
Bxg5 b3 47. Bc1 Kb6 48. Kg1 Kb5 49. Kf1 Kb4 50. Ke1 Kc3 51. Kd1 b2 52. Bxb2+
Kxb2 53. Ke2 Kc3 54. Ke3 Kc4 55. Kf4 Kd3 56. g4 fxg4 57. hxg4 h4 58. Kf3 Kd4 59.
Kg2 Ke5 60. Kh3 Kf6 61. f3 Kg5 62. f4+ Kxf4 63. Kxh4 Ke5 64. Kh5 Kf6 65. Kh6 Kf7
66. Kh7 Kf6 67. Kh6 Kf7 68. g5 Kg8 69. Kg6 Kh8 70. Kh6 Kg8 71. Kg6 Kh8 72. Kf7
Kh7 73. g6+ Kh8 74. g7+ Kh7 75. g8=Q+ Kh6 76. Kf6 Kh5 77. Kf5 Kh6 78. Qg6#
{Black checkmated} 1-0

[Event "Team 45 45 League T36"]
[Site "Internet Chess Club"]
[Date "2008.02.06"]
[Round "3"]
[White "cityprosecutor"]
[Black "Avedldesierto"]
[Result "0-1"]
[WhiteElo "1767"]
[BlackElo "1911"]
[Opening "Scotch: Göring gambit"]
[ECO "C44"]
[Time "17:56:07"]
[TimeControl "2700+45"]

1. e4 e5 2. Nf3 Nc6 3. d4 exd4 4. c3 dxc3 5. Bc4 h6 6. Nxc3 d6 7. O-O Be6 8. Nd5
Ne5 9. Nxe5 dxe5 10. Qa4+ c6 11. Rd1 Bd6 12. Nf4 Bxc4 13. Qxc4 Qc7 14. Ne6 fxe6
15. Qxe6+ Be7 16. Be3 Nf6 17. Bc5 Kf8 18. Rd6 Qc8 19. Qb3 Bxd6 20. Bxd6+ Ke8 21.
Rd1 b5 22. Bxe5 Rf8 23. Bd6 Rf7 24. e5 Ne4 25. e6 Rf6 26. Bc7 Qxe6 27. Qe3 Ng5
28. Qc1 Kf8 29. Rd6 Qe7 30. Rxf6+ Qxf6 31. h4 Ne6 32. Bd6+ Kf7 33. Qxc6 Rd8 34.
Qb7+ Kg6 35. Be7 Rd1+ 36. Kh2 Qf4+ 37. g3 Qxf2+ 38. Kh3 Nf4+ {White resigns} 0-1

[Event "Team 45 45 League T36"]
[Site "Internet Chess Club"]
[Date "2008.02.10"]
[Round "3"]
[White "Juan73"]
[Black "mickeys"]
[Result "0-1"]
[WhiteElo "1719"]
[BlackElo "1740"]
[Opening "French: advance, Paulsen attack"]
[ECO "C02"]
[Time "09:18:35"]
[TimeControl "2700+45"]

1. e4 e6 2. d4 d5 3. e5 c5 4. c3 Nc6 5. Nf3 Qb6 6. Be2 cxd4 7. cxd4 Nge7 8. O-O
Nf5 9. Nc3 Nfxd4 10. Nxd4 Qxd4 11. Nb5 Qb6 12. Be3 Qd8 13. Rc1 a6 14. Nd4 Nxe5
15. Qa4+ Bd7 16. Qb3 b5 17. f4 Nc4 18. f5 e5 19. Nf3 f6 20. Nh4 Bd6 21. Bh5+ Ke7
22. Bf2 Be8 23. Bf3 e4 24. Rfe1 Rc8 25. Bxe4 dxe4 26. Rxe4+ Kf8 27. Rce1 Bf7 28.
Qd1 Qc7 29. b3 Ne5 30. Rd4 Bc5 31. Rd8+ Rxd8 32. Bxc5+ Qxc5+ {White resigns} 0-1

[Event "Team 45 45 League T36"]
[Site "Internet Chess Club"]
[Date "2008.02.09"]
[Round "3"]
[White "ChessChamp"]
[Black "budugu"]
[Result "0-1"]
[WhiteElo "1526"]
[BlackElo "1510"]
[Opening "Scotch: Göring gambit"]
[ECO "C44"]
[Time "21:19:26"]
[TimeControl "2700+45"]

1. e4 e5 2. Nf3 Nc6 3. d4 exd4 4. c3 d6 5. cxd4 Bg4 6. Bb5 a6 7. Bxc6+ bxc6 8.
Bf4 Nf6 9. Nbd2 Be7 10. Qa4 Qd7 11. Rc1 c5 12. Qxd7+ Nxd7 13. O-O O-O 14. Nb3
Bxf3 15. gxf3 Rab8 16. Rc2 Rb5 17. Rfc1 Rc8 18. dxc5 Nxc5 19. Nxc5 dxc5 20. Be3
Kf8 21. Bxc5 Bxc5 22. Rxc5 Rxb2 23. Ra5 Rb6 24. Rc2 Ke7 25. Rac5 Kd7 26. Rd2+
Rd6 27. Rxd6+ Kxd6 28. Ra5 Ra8 29. Kf1 c5 30. Ke2 Kc6 31. Kd3 Kb6 32. Ra3 Rd8+
33. Kc3 a5 34. Rb3+ Kc6 35. a4 Rd4 36. Ra3 h5 37. Ra2 Kd6 38. Rd2 Rxd2 39. Kxd2
c4 40. Kc3 Kc5 41. f4 h4 42. e5 g6 43. h3 Kd5 44. Kd2 Kd4 45. Kc2 c3 46. Kd1 Kd3
47. Kc1 Ke2 48. Kc2 Kxf2 49. Kxc3 Kg3 50. Kc4 Kxh3 51. Kb5 Kg3 {White resigns}
0-1

[Event "Team 45 45 League T36"]
[Site "Internet Chess Club"]
[Date "2008.02.09"]
[Round "3"]
[White "Tomate"]
[Black "theartist"]
[Result "1-0"]
[WhiteElo "1449"]
[BlackElo "1178"]
[Opening "Sicilian: Najdorf, Byrne (English) attack"]
[ECO "B90"]
[Time "16:02:26"]
[TimeControl "2700+45"]

1. e4 c5 2. Nf3 d6 3. d4 cxd4 4. Nxd4 Nf6 5. Nc3 a6 6. Be3 Ng4 7. Bg5 h6 8. Bh4
g5 9. Bg3 Bg7 10. h3 Ne5 11. Nf5 O-O 12. Nxg7 Kxg7 13. Qd4 Nc6 14. Bxe5+ dxe5
15. Qxd8 Rxd8 16. a3 Be6 17. Bd3 Rd7 18. O-O Rad8 19. Na4 Rd6 20. Nc5 Bc8 21.
Nb3 Nd4 22. Na5 b5 23. Rac1 Nc6 24. Nb3 Nd4 25. Nc5 Ne6 26. Nxe6+ Bxe6 27. b3
Rc8 28. Rfe1 Rc3 29. f3 Rdc6 30. Rb1 Rb6 31. Kf2 Bc8 32. Ke3 a5 33. Kd2 b4 34.
axb4 axb4 35. Ra1 Rc7 36. Kc1 Be6 37. Kb2 Rc3 38. Ra4 Rc5 39. Bf1 Bd7 40. Ra7
Rd6 41. Rb7 Rd4 42. Kc1 Kf6 43. Rd1 Bc8 44. Rb6+ e6 45. Rxd4 exd4 46. Rxb4 e5
47. Bc4 Be6 48. Rb6 Ke7 49. Bd3 Kd7 50. Kd2 Kc7 51. Rb4 Rc3 52. Ra4 Kb6 53. Ra8
h5 54. Rh8 h4 55. Rh5 f6 56. Rh6 Kc5 57. Rxf6 Bc4 58. Bxc4 Kb4 59. Ra6 Kc5 60.
Bd3 Kb4 61. Ra4+ Kc5 62. Rc4+ Rxc4 63. Bxc4 Kb4 64. Kd3 Ka3 65. c3 dxc3 66. Kxc3
{Black resigns} 1-0